Map: [TLMC15] Curious Minds

Players

Serral - Winner!

  • Race: Zerg Zerg
  • League: Master

LiquidClem (Clem)

  • Race: Terran Terran
  • League: Master

VOD

Have the link to the VOD?

Description

Time

  • Played on: Oct. 24, 2021, 12:30 p.m.
  • Length: 18:07
Show
View Real Time Build Order
Export as new Build Order

Serral Zerg - Winner!

Build Orders: Hatch First, Lurkers 

Get SALT Encoding   

  12  0:00  Drone  
  13  0:12  Overlord  
  13  0:16  Drone  
  14  0:30  Drone x2  
  16  0:48  Hatchery  
  15  0:51  Drone  
  15  0:55  Drone  
  17  0:58  Drone  
  18  1:09  Extractor  
  17  1:13  Spawning Pool  
  17  1:16  Drone  
  17  1:20  Drone  
  18  1:27  Drone  
  19  1:38  Drone  
  20  1:48  Overlord  
  20  2:00  Queen x2  
  20  2:01  Zergling x4  
  26  2:10  Drone  
  26  2:11  Drone, Metabolic Boost  
  28  2:24  Spore Crawler  
  28  2:29  Spore Crawler  
  26  2:32  Drone x2  
  26  2:33  Drone x2  
  26  2:36  Queen  
  34  2:45  Overlord  
  34  2:46  Drone  
  35  2:56  Hatchery  
  34  2:59  Drone  
  34  3:00  Drone  
  36  3:06  Overlord  
  36  3:10  Drone x3  
  39  3:13  Drone  
  39  3:15  Drone  
  39  3:16  Drone  
  39  3:18  Drone  
  43  3:24  Queen  
  45  3:28  Queen  
  45  3:34  Overlord  
  47  3:36  Drone x2  
  48  3:45  Zergling x4  
  48  3:46  Overlord, Zergling x2  
  51  3:49  Overlord  
  51  3:54  Drone x3  
  51  3:55  Drone  
  55  4:03  Zergling x2  
  55  4:04  Baneling Nest  
  52  4:10  Zergling x2  
  52  4:11  Zergling x2  
  52  4:15  Drone x4  
  52  4:16  Extractor  
  57  4:18  Spore Crawler  
  57  4:20  Queen  
  57  4:21  Extractor  
  57  4:23  Queen  
  62  4:24  Zergling x4  
  62  4:27  Lair  
  62  4:29  Drone  
  65  4:37  Extractor, Spore Crawler  
  65  4:38  Spore Crawler x2, Drone  
  61  4:39  Drone  
  61  4:40  Drone  
  61  4:42  Drone  
  61  4:44  Zergling x2  
  61  4:45  Drone  
  67  4:46  Drone  
  67  4:48  Zergling x2  
  67  4:49  Drone  
  70  4:53  Overlord  
  70  4:54  Drone x2  
  70  4:56  Spore Crawler  
  71  5:00  Drone x2  
  71  5:01  Drone  
  71  5:04  Overlord  
  74  5:07  Extractor x2, Baneling x2  
  74  5:08  Zergling x2  
  74  5:09  Drone  
  74  5:11  Drone x2  
  76  5:15  Overlord  
  76  5:16  Drone  
  76  5:17  Drone  
  78  5:23  Zergling x4  
  80  5:32  Drone x5  
  80  5:34  Overseer  
  84  5:36  Centrifugal Hooks  
  84  5:39  Drone  
  84  5:41  Drone  
  83  5:43  Drone  
  83  5:44  Drone  
  83  5:47  Hatchery  
  85  5:50  Drone x4  
  85  5:52  Drone  
  85  5:53  Drone  
  89  5:57  Evolution Chamber  
  89  5:58  Evolution Chamber, Drone  
  89  6:02  Drone x2  
  90  6:06  Overlord  
  90  6:09  Overlord  
  90  6:12  Zergling x12  
  96  6:23  Zerg Ground Armor Level 1, Zergling x12  
  96  6:24  Zergling x2  
  96  6:25  Zerg Melee Weapons Level 1  
  103  6:29  Baneling x8  
  103  6:33  Overseer  
  103  6:36  Overlord  
  103  6:37  Zergling x4  
  105  6:42  Zergling x6  
  105  6:43  Overseer  
  108  6:47  Zergling x8  
  108  6:53  Zergling x4  
  114  6:55  Baneling  
  114  6:56  Baneling x6  
  114  6:58  Zergling x2  
  115  7:02  Zergling x6  
  115  7:03  Zergling x6  
  115  7:06  Baneling x4  
  114  7:18  Zergling x14  
  114  7:22  Queen  
  114  7:25  Drone x2  
  114  7:26  Hydralisk Den, Drone  
  116  7:31  Drone x2  
  116  7:32  Spore Crawler  
  116  7:35  Drone x2  
  116  7:36  Baneling  
  116  7:37  Baneling  
  116  7:46  Hatchery  
  116  7:48  Overseer  
  116  7:51  Drone x6  
  119  7:52  Drone x2  
  119  7:54  Extractor x2  
  119  7:55  Zergling x14  
  126  7:59  Muscular Augments  
  126  8:03  Overlord  
  124  8:10  Zergling x2  
  124  8:11  Zergling x12  
  129  8:15  Zergling x4  
  129  8:18  Queen  
  131  8:21  Baneling x6  
  130  8:32  Zergling x24  
  133  8:41  Hydralisk x5  
  133  8:46  Zerg Ground Armor Level 2, Zerg Melee Weapons Level 2  
  143  8:49  Overlord  
  143  8:54  Overlord  
  143  8:56  Overlord x2  
  143  9:07  Hydralisk, Baneling x5  
  143  9:08  Hydralisk x4  
  153  9:11  Grooved Spines  
  149  9:21  Baneling x8  
  149  9:22  Zergling x30  
  163  9:30  Baneling x2  
  160  9:31  Infestation Pit  
  160  9:33  Zergling x2  
  160  9:34  Zergling x22  
  171  9:45  Zergling x10  
  174  9:51  Baneling x12  
  165  10:00  Zergling x4  
  165  10:01  Zergling x24  
  161  10:14  Baneling  
  161  10:15  Zergling x16  
  161  10:19  Zergling x16  
  160  10:30  Hive  
  160  10:31  Drone x7  
  165  10:36  Overlord x3  
  165  10:38  Baneling x2  
  160  10:45  Baneling x14, Lurker Den  
  160  10:46  Drone x2  
  160  10:47  Drone x3  
  162  10:53  Zergling x18  
  162  10:56  Baneling x3  
  171  10:59  Drone x3  
  171  11:02  Zerg Missile Weapons Level 1  
  171  11:03  Zergling x2  
  171  11:04  Zergling x8  
  178  11:15  Zergling x14  
  156  11:27  Zergling x28  
  156  11:31  Hatchery  
  168  11:34  Burrow  
  165  11:44  Viper x2  
  165  11:45  Zergling x4  
  165  11:46  Zergling x12  
  178  11:48  Baneling x16  
  178  11:52  Zergling x6  
  178  11:54  Baneling  
  179  11:58  Baneling x2  
  179  12:00  Zergling x4  
  179  12:01  Adrenal Glands, Zergling x10  
  186  12:13  Zergling x2  
  186  12:14  Zergling x6  
  190  12:19  Zerg Ground Armor Level 3  
  190  12:21  Overlord x3  
  188  12:25  Extractor  
  188  12:26  Extractor  
  188  12:27  Drone x3  
  188  12:28  Drone  
  188  12:30  Seismic Spines  
  188  12:34  Zergling x10  
  189  12:39  Baneling x4  
  189  12:44  Zergling x20  
  197  12:46  Baneling x8  
  198  13:04  Baneling x12  
  198  13:11  Zergling x10  
  198  13:12  Zergling x6  
  171  13:21  Zergling x2  
  171  13:22  Zergling x40  
  178  13:27  Zergling x2  
  178  13:28  Adaptive Talons, Zergling x16  
  178  13:32  Hydralisk  
  178  13:33  Hydralisk x2  
  190  13:36  Zerg Missile Weapons Level 2  
  190  13:40  Lurker x5  
  190  13:41  Zergling x10  
  199  13:45  Baneling x4  
  199  13:53  Extractor  
  199  13:54  Extractor  
  199  13:55  Spore Crawler, Drone x3  
  199  13:58  Drone  
  187  14:15  Zergling x34  
  196  14:30  Overseer  
  196  14:33  Overseer x3, Pneumatized Carapace  
  183  14:46  Zergling x32  
  188  14:53  Zergling x24  
  188  14:59  Zergling x4  
  198  15:00  Zergling x14  
  198  15:06  Baneling x30  
  198  15:07  Baneling x3  
  192  15:16  Zerg Melee Weapons Level 3  
  192  15:18  Drone  
  192  15:19  Zergling x14  
  193  15:43  Zergling x18  
  170  16:00  Zergling x26, Overseer  
  170  16:01  Zergling x18  
  172  16:15  Hydralisk x9  
  172  16:18  Zergling x10  
  191  16:21  Overseer  
  191  16:22  Baneling x9  
  187  16:26  Lurker x5  
  187  16:27  Zergling x16  
  200  16:33  Baneling x9  
  167  16:54  Zergling x22  
  167  16:55  Zergling x28  
  172  17:02  Zergling x2  
  172  17:03  Zergling x10  
  172  17:05  Zergling x4  
  170  17:13  Baneling  
  170  17:14  Baneling x12  
  170  17:15  Lurker x9  
  179  17:18  Zergling x14  
  183  17:27  Hydralisk x2  
  183  17:28  Hydralisk x2  
  191  17:31  Zergling x16  
  195  17:42  Zergling x22  
  195  17:43  Overseer  
Show
View Real Time Build Order
Export as new Build Order

LiquidClem Terran 

Build Orders: Reaper Expand, Hellion Banshee 

Get SALT Encoding   

  12  0:00  SCV  
  13  0:12  SCV  
  14  0:17  Supply Depot  
  14  0:24  SCV  
  15  0:38  SCV  
  15  0:40  Barracks  
  16  0:43  Refinery  
  16  0:50  SCV  
  17  1:03  SCV  
  18  1:15  SCV  
  19  1:27  Orbital Command, Reaper  
  20  1:39  Command Center  
  20  1:47  Supply Depot  
  20  1:53  SCV  
  21  1:58  Marine  
  22  2:05  SCV  
  23  2:11  Factory  
  23  2:13  Refinery  
  23  2:17  SCV  
  23  2:20  Barracks Reactor  
  24  2:29  SCV  
  25  2:42  SCV  
  26  2:56  SCV, Starport  
  26  2:58  Orbital Command  
  27  3:01  Hellion x2  
  31  3:07  Barracks Tech Lab  
  31  3:08  SCV  
  32  3:18  Supply Depot  
  32  3:20  SCV  
  32  3:23  Hellion x2  
  32  3:24  SCV  
  38  3:32  SCV  
  39  3:36  SCV  
  39  3:37  Banshee  
  39  3:38  Cloaking Field  
  43  3:45  SCV, Supply Depot  
  43  3:47  Hellion  
  46  3:50  SCV  
  46  3:53  Hellion  
  49  3:55  Barracks Tech Lab  
  49  3:58  SCV  
  51  4:02  SCV  
  51  4:08  Hellion  
  52  4:10  SCV  
  52  4:15  SCV, Hellion  
  56  4:19  Supply Depot  
  56  4:22  Banshee, SCV  
  60  4:27  SCV  
  60  4:30  Stimpack  
  61  4:34  SCV  
  62  4:41  SCV  
  62  4:42  Command Center  
  63  4:46  Factory Reactor, SCV  
  63  4:52  Barracks  
  64  4:53  Marine  
  64  4:54  Barracks  
  64  4:55  SCV  
  64  4:58  SCV  
  67  5:03  Supply Depot  
  67  5:07  SCV  
  68  5:15  Starport Reactor, Marine, Engineering Bay  
  68  5:16  Engineering Bay, SCV  
  68  5:20  Refinery x2  
  70  5:25  SCV  
  70  5:28  SCV  
  72  5:31  Supply Depot  
  72  5:33  Marine  
  69  5:37  Siege Tank, SCV  
  69  5:42  Marine x2  
  75  5:46  Terran Infantry Weapons Level 1  
  75  5:47  Armory  
  75  5:48  SCV  
  75  5:49  SCV  
  77  5:50  Marine  
  77  5:52  Marine  
  77  5:53  Marine  
  77  5:55  Orbital Command  
  77  5:56  Medivac  
  82  6:00  Medivac  
  82  6:01  SCV  
  82  6:02  SCV  
  82  6:03  Marine  
  87  6:04  Marine  
  87  6:09  Combat Shield  
  87  6:10  Marine x2  
  90  6:13  SCV  
  90  6:16  Orbital Command, Marine  
  92  6:19  Terran Infantry Armor Level 1  
  92  6:25  Barracks, SCV  
  93  6:28  SCV  
  93  6:29  Marine x2  
  96  6:34  Barracks  
  96  6:37  SCV  
  96  6:38  Marine  
  98  6:40  Supply Depot  
  98  6:42  SCV  
  98  6:43  SCV  
  100  6:47  Marine  
  101  7:00  Supply Depot  
  101  7:02  Siege Tank, SCV x2, Marine x3  
  101  7:04  Supply Depot  
  109  7:14  Medivac, SCV x2, Marine  
  109  7:17  Medivac, SCV  
  109  7:20  Marine x2  
  102  7:23  Refinery  
  102  7:24  Factory  
  102  7:26  Barracks Reactor  
  102  7:27  Barracks Reactor, SCV x2  
  102  7:28  Supply Depot  
  102  7:29  Supply Depot x2  
  104  7:30  Marine  
  104  7:31  SCV  
  104  7:33  Marine  
  104  7:36  Drilling Claws  
  107  7:37  Siege Tank  
  107  7:39  SCV  
  107  7:40  Marine  
  107  7:41  Supply Depot  
  107  7:42  SCV  
  107  7:44  Marine x2  
  113  7:49  Terran Infantry Weapons Level 2  
  113  7:51  Marine x2  
  118  7:57  Marine  
  120  8:00  Command Center  
  120  8:02  Marine x2  
  119  8:05  Marine x2  
  119  8:08  Medivac x2  
  119  8:11  Marine x2  
  119  8:12  Supply Depot  
  127  8:13  Siege Tank, Factory Tech Lab  
  127  8:14  Marine  
  127  8:15  Marine  
  127  8:17  Marine  
  127  8:19  Terran Infantry Armor Level 2  
  133  8:21  Marine  
  133  8:22  Marine  
  133  8:25  Supply Depot  
  133  8:26  Refinery  
  135  8:27  Marine  
  132  8:36  Marine x2  
  132  8:37  Siege Tank, Marine  
  132  8:38  Marine x2  
  132  8:39  Marine x2  
  131  8:44  Supply Depot  
  131  8:46  Supply Depot  
  131  8:47  SCV x2, Supply Depot  
  131  8:48  SCV, Marine x2  
  134  8:49  Siege Tank  
  134  8:51  Terran Vehicle Weapons Level 1  
  134  8:54  Marine x2  
  134  8:55  Medivac  
  143  8:57  Marine x2  
  143  8:59  Marine x2  
  143  9:00  Marine  
  148  9:06  Marine x2  
  148  9:07  Supply Depot  
  148  9:09  SCV  
  151  9:12  Siege Tank, Marine  
  155  9:18  Marine x3  
  155  9:21  SCV  
  155  9:22  SCV x2  
  155  9:23  Sensor Tower  
  161  9:29  Siege Tank  
  161  9:30  Marine  
  165  9:32  Marine  
  165  9:33  Marine  
  165  9:35  Marine x2  
  165  9:36  Marine  
  165  9:37  Marine  
  171  9:41  SCV x3  
  171  9:44  Siege Tank  
  177  9:47  Marine  
  177  9:49  Marine x2  
  176  10:01  Siege Tank, Marine x2  
  176  10:02  Medivac x2  
  176  10:03  Marine  
  176  10:05  Marine x2  
  176  10:08  SCV  
  177  10:17  Siege Tank  
  177  10:18  Barracks  
  177  10:19  Barracks, Marine  
  163  10:21  Barracks  
  163  10:23  Marine  
  160  10:31  Marine x2  
  160  10:32  Medivac, Planetary Fortress  
  160  10:33  Siege Tank  
  160  10:35  SCV x3  
  165  10:40  Terran Infantry Weapons Level 3  
  154  10:44  Marine x2  
  154  10:46  Medivac, Marine x2  
  154  10:47  Marine  
  154  10:49  Siege Tank  
  157  10:50  Marine  
  157  10:52  SCV  
  157  10:56  Marine x3, Refinery  
  161  10:57  Refinery  
  161  10:59  SCV x2  
  161  11:02  Marine x2  
  161  11:04  Medivac  
  167  11:14  Marine x2  
  167  11:15  Marauder, Siege Tank, Barracks Tech Lab x3  
  171  11:18  Terran Infantry Armor Level 3  
  171  11:19  Marine x2  
  171  11:22  SCV  
  171  11:24  SCV  
  160  11:27  Marine x4  
  160  11:29  Siege Tank, SCV  
  160  11:32  Command Center, Marine  
  156  11:34  Marine  
  156  11:35  Marauder x2, Marine  
  156  11:36  Marine  
  156  11:37  Marine  
  156  11:38  Marine  
  162  11:40  Terran Vehicle Weapons Level 2  
  162  11:45  Ghost Academy, Marine  
  162  11:47  Marine  
  163  11:48  Siege Tank  
  166  11:54  Medivac  
  166  11:55  Marine x3  
  166  11:56  Marine x3  
  166  12:00  Marauder x2, Marine  
  166  12:01  Siege Tank  
  182  12:02  Marauder  
  182  12:03  Marine  
  182  12:04  Marine  
  186  12:13  Marine x3  
  186  12:14  Marine  
  190  12:19  Marauder  
  190  12:20  Siege Tank  
  195  12:25  Marauder, Marine  
  195  12:26  Marauder  
  200  12:34  Command Center  
  199  12:43  Command Center  
  199  12:52  Ghost  
  198  12:59  Missile Turret  
  198  13:00  Missile Turret  
  198  13:07  Marauder  
  198  13:10  Marine  
  193  13:13  Marauder, Marine  
  193  13:16  Marine x2  
  193  13:17  Marauder  
  193  13:18  Marine x3  
  165  13:21  Marauder  
  165  13:22  Medivac  
  165  13:23  Siege Tank, Marine  
  165  13:25  Siege Tank  
  166  13:28  Marine  
  166  13:29  Marauder  
  166  13:31  Marine  
  166  13:34  Marine x3  
  170  13:36  Marine  
  170  13:38  Marauder  
  170  13:40  Command Center  
  176  13:42  Command Center  
  176  13:44  Marauder, Marine x2  
  180  13:51  Marine x3  
  180  13:52  Marauder  
  180  13:53  Ghost  
  180  13:55  Siege Tank  
  190  13:56  SCV  
  190  13:57  Siege Tank  
  190  14:00  Terran Vehicle Weapons Level 3  
  194  14:03  Concussive Shells  
  194  14:08  Ghost x2  
  188  14:12  Ghost  
  185  14:22  Ghost  
  185  14:24  Missile Turret  
  187  14:27  Siege Tank, Sensor Tower  
  187  14:31  Siege Tank  
  193  14:37  Ghost x2  
  197  14:39  Missile Turret  
  197  14:41  Ghost  
  185  14:46  Missile Turret  
  185  14:47  Marine x2  
  185  14:49  Marine x2  
  185  14:50  Marine x2  
  185  14:51  Ghost  
  188  14:57  Orbital Command  
  183  15:05  Missile Turret, Ghost x2  
  187  15:10  Marauder  
  187  15:13  Siege Tank  
  191  15:16  Siege Tank  
  191  15:19  Ghost  
  196  15:22  Missile Turret  
  196  15:31  Ghost  
  196  15:32  Missile Turret  
  196  15:34  Missile Turret, Ghost  
  199  15:41  Refinery  
  199  15:42  Refinery  
  196  15:44  Orbital Command  
  196  15:47  Ghost  
  196  15:49  Siege Tank  
  186  15:54  Medivac  
  186  15:56  Siege Tank  
  163  15:58  Ghost  
  163  15:59  Ghost  
  157  16:10  Marine  
  140  16:14  SCV, Marine  
  140  16:15  Marauder, Marine  
  140  16:17  Marine  
  140  16:18  Marine x3  
  148  16:20  SCV  
  148  16:21  Siege Tank  
  148  16:23  SCV  
  154  16:28  Siege Tank  
  154  16:29  Marine  
  154  16:30  Marine  
  154  16:31  Ghost  
  161  16:40  Marine x2  
  161  16:41  Marauder  
  161  16:43  SCV  
  165  16:51  Marine  
  165  16:54  Siege Tank  
  146  17:00  Marine, Widow Mine  
  126  17:02  Marine x2  
  126  17:08  Marauder, Marine, Planetary Fortress  
  130  17:19  Marauder x2, Missile Turret, Marine x4  
  130  17:20  Marine  
  130  17:21  Siege Tank  
  142  17:22  Medivac  
  142  17:23  Medivac  
  142  17:25  Marine  
  142  17:26  Siege Tank, Marine x2  
  151  17:33  Marauder  
  151  17:35  Marine  
  129  17:47  Marine  
Tags
 
Add a new tag
Caveats
  • Supply blocks, unpowered buildings, or Contaminate may cause inaccurate times.
  • Supply counts are checked every 10 seconds.